 Dungeon Crawl Stone Soup version 0.31-a0-960-g0fca184906 (webtiles) character file.

Game seed: 5168556244440865379

317 Gladio the Trooper (level 6, -2/48 HPs)
             Began as a Demonspawn Fighter on Oct 23, 2023.
             Slain by an orc
             ... wielding a +1 whip of electrocution
              (9 damage)
             ... on level 3 of the Dungeon.
             The game lasted 00:02:45 (1480 turns).

Gladio the Trooper (Demonspawn Fighter)             Turns: 1480, Time: 00:02:45

Health: -2/48      AC: 13    Str: 18    XL:     6   Next: 20%
Magic:  6/6        EV:  5    Int:  9    God:
Gold:   98         SH:  5    Dex: 13    Spells: 5/5 levels left

rFire   . . .        a - +0 war axe
rCold   . . .        c - +0 buckler
rNeg    . . .        r - +0 plate armour
rPois   .            (no helmet)
rElec   .            (no cloak)
rCorr   .            (no gloves)
SInv    .            (no boots)
Will    .....        (no amulet) Stlth
                     (no ring)
HPRegen 0.28/turn    (no ring)
MPRegen 0.10/turn

%: no passive effects
@: no status effects
A: claws 1, icy blue scales 1, powered by death 1, condensation shield
a: no special abilities


You were on level 3 of the Dungeon.
You visited 1 branch of the dungeon, and saw 3 of its levels.

You collected 98 gold pieces.

Inventory:

Hand Weapons
 a - a +0 war axe (weapon)
Missiles
 f - a throwing net
 i - 7 boomerangs (quivered)
 p - 6 poisoned darts
Armour
 b - a +0 scale mail
 c - a +0 buckler (worn)
 r - a +0 plate armour (worn)
Jewellery
 s - a ring of fire
Scrolls
 e - a scroll of enchant weapon {unknown}
 j - a scroll of poison {unknown}
 k - a scroll of vulnerability
 l - a scroll of amnesia {unknown}
 m - a scroll of torment {unknown}
 n - a scroll of noise {unknown}
 o - a scroll of fear {unknown}
 q - a scroll of identify {unknown}
 t - a scroll of blinking {unknown}
Potions
 d - a potion of might
 g - 2 potions of curing {unknown}
 h - a potion of mutation {unknown}


   Skills:
 + Level 4.1 Fighting
 * Level 4.0 Axes
 + Level 3.6 Armour
 + Level 3.7 Shields


You had 5 spell levels left.
You didn't know any spells.
Your spell library was empty.

Dungeon Overview and Level Annotations

Branches:
Dungeon (3/15)

Altars:
Xom


Innate Abilities, Weirdness & Mutations

You have sharp fingernails.
You are partially covered in icy blue scales. (AC +2)
You regenerate a little health from kills.
A meltable shield of frost defends you. (SH +0)


Message History

The orc shouts!
The orc wizard casts a spell at you. The puff of flame misses you.
You barely miss the orc. You block the orc's attack.
You barely miss the orc. The orc wizard casts a spell at you.
The puff of flame hits you but does no damage.
Your condensation shield dissipates!
The orc hits you with a +0 mace.
You barely miss the orc. The orc hits you but does no damage.
The orc wizard casts a spell.
The orc wizard flickers and vanishes!
Deactivating autopickup; reactivate with Ctrl-A.
You slash the orc!
You kill the orc!
You hit the orc but do no damage. You hit the orc.
The orc is heavily wounded.
You miss something. The orc barely misses you.
Something hits you but does no damage.
You completely miss the orc.
The orc is heavily wounded.
You hit something. The orc closely misses you.
Something hits you but does no damage.
The orc hits you with a +1 whip of electrocution.
You are electrocuted!!
Something hits you but does no damage.
An orc is nearby!
You closely miss the orc.
The orc is heavily wounded.
You miss something. The orc hits you but does no damage.
You are electrocuted!!
* * * LOW HITPOINT WARNING * * *
You hear some strange, mumbled words.
Something tries to affect you, but you resist.
You are too injured to fight recklessly!
You are too injured to fight recklessly!
Unknown command.
You hit the orc but do no damage.
The orc is heavily wounded.
The orc hits you but does no damage. x2; You are electrocuted!
You die...

##############
.............#
.............#
.............#
......)....>.# #######o#
#>....#@# #.###'#.#
###.##....# #...##....#
######### #...).....#
#.......#
#...#.....######.#####.#
#...#..............# #.#
#...#.....########.# #.#
#####....#### ####.###.#


You could see an orc.

Vanquished Creatures
  Grinder (D:3)
  Jessica (D:2)
  2 adders
  2 dart slugs
  6 orcs (D:3)
  4 ball pythons
  3 bats
  4 endoplasms (D:2)
  3 giant cockroaches
  4 goblins
  4 hobgoblins
  6 jackals
  2 quokkas (D:2)
  3 frilled lizards
  5 kobolds
  4 rats
54 creatures vanquished.

Notes
Turn   | Place    | Note
-------+----------+-------------------------------------------
     0 | D:1      | Gladio the Demonspawn Fighter began the quest for the Orb.
     0 | D:1      | Reached XP level 1. HP: 18/18 MP: 1/1
    84 | D:1      | Gained mutation: You regenerate a little health from kills.
                  | [demonic ancestry]
    84 | D:1      | Reached XP level 2. HP: 24/24 MP: 2/2
   646 | D:2      | Found a faded altar of an unknown god.
   714 | D:2      | Found a shimmering altar of Xom.
   797 | D:2      | Reached XP level 3. HP: 28/29 MP: 3/3
  1000 | D:2      | Noticed Jessica
  1004 | D:2      | Killed Jessica
  1005 | D:2      | Gained mutation: You are partially covered in icy blue
                  | scales. (AC +2) [demonic ancestry]
  1005 | D:2      | Reached XP level 4. HP: 35/35 MP: 4/4
  1085 | D:3      | Noticed Grinder
  1093 | D:3      | Paralysed by Grinder for 5 turns
  1105 | D:3      | Killed Grinder
  1106 | D:3      | Gained mutation: A meltable shield of frost defends you.
                  | (SH +0) [demonic ancestry]
  1106 | D:3      | Reached XP level 5. HP: 34/42 MP: 5/5
  1106 | D:3      | Gained mutation: You have sharp fingernails. [demonic
                  | ancestry]
  1106 | D:3      | Reached XP level 6. HP: 39/48 MP: 6/6
  1480 | D:3      | Slain by an orc

Illustrated notes

Levels and vault maps discovered:
D:1:      minmay_arrival_semitransparent, layout_loops_ring
D:2:      layout_rooms, basic_altar, shapermc_ecumenical_altar_starsandcircs,
          minmay_tetromino_o2, uniq_jessica
D:3:      layout_basic, corexii_leaking_fountain, uniq_grinder

Skill      XL: |  1  2  3  4  5  6 |
---------------+-------------------+-----
Axes           | 2 3 4 |  4.0
Armour         | 3 |  3.6
Shields        | 3 |  3.7
Fighting       | 4 |  4.1

Action                     |  1- 3 |  4- 6 || total
---------------------------+-------+-------++-------
  Melee: War axe           |   117 |    34 ||   151
  Throw: Boomerang         |       |     7 ||     7
    Use: Potion            |       |     1 ||     1
         Scroll            |       |     1 ||     1
 Armour: Scale mail        |    91 |    12 ||   103
         Plate armour      |       |    21 ||    21
  Dodge: Dodged            |    63 |     6 ||    69
  Block: Buckler           |    42 |    16 ||    58

Table legend: (Time is in decaauts)
 A = Elapsed time spent in this place.
 B = Non-inter-level travel time spent in this place.
 C = Inter-level travel time spent in this place.
 D = Time resting spent in this place.
 E = Time spent auto-exploring this place.
 F = Levels seen in this place.
 G = Mean time per level.
                   A        B        C        D        E       F      G
               +--------+--------+--------+--------+--------+-----+--------+
         Total |   1546 |   1437 |    109 |      0 |   1032 |   3 |  515.3 |
       Dungeon |   1546 |   1437 |    109 |      0 |   1032 |   3 |  515.3 |
               +--------+--------+--------+--------+--------+-----+--------+

Top non-repeatable levels by time:
     D:1: 617 daAuts
     D:2: 510 daAuts
     D:3: 418 daAuts
